 Dungeon Crawl Stone Soup version 0.25-a0-661-g55ea3d2053 (webtiles) character file.

Game seed: 10835069153067628940, levelgen mode: deterministic

877 kae the Insei (level 8, 0/54 HPs)
             Began as a Merfolk Transmuter on Mar 23, 2020.
             Slain by an ogre
             ... wielding a +0 giant spiked club
              (19 damage)
             ... on level 5 of the Dungeon.
             The game lasted 00:04:16 (5360 turns).

kae the Insei (Merfolk Transmuter)                  Turns: 5360, Time: 00:04:17

Health: 0/54       AC:  2    Str: 16    XL:     8   Next: 4%
Magic:  9/14       EV: 21    Int: 15    God:
Gold:   257        SH:  0    Dex: 19    Spells: 4/15 levels left

rFire    . . .     SeeInvis .     - Unarmed
rCold    . . .     Gourm    .   (shield currently unavailable)
rNeg     . . .     Faith    .   (armour currently unavailable)
rPois    x         Spirit   .   (helmet currently unavailable)
rElec    .         Reflect  .   (cloak currently unavailable)
rCorr    .         Harm     .   (gloves currently unavailable)
MR       .....                  (boots currently unavailable)
Stlth    +++.......             (no amulet)
HPRegen  0.18/turn              i - +6 ring of strength
MPRegen  0.14/turn              g - ring of stealth

@: spider-form, very slightly contaminated
A: tiny, (change form in water), (swift swim), (stealthy swim)
a: End Transformation


You were on level 5 of the Dungeon.
You were hungry.
You were a venomous arachnid creature.
You visited 1 branch of the dungeon, and saw 5 of its levels.

You collected 257 gold pieces.

Inventory:

Missiles
 a - 76 arrows
Armour
 b - a +0 robe (melded)
 c - a +1 hat (melded)
 j - a cursed +1 pair of boots (melded)
Jewellery
 g - a ring of stealth (right front leg)
 i - a +6 ring of strength (left front leg)
 n - an uncursed ring of protection from cold {unknown}
 p - an uncursed ring of resist corrosion {unknown}
Scrolls
 e - 2 scrolls of identify
 f - 2 scrolls of magic mapping
 k - a scroll of blinking
 r - a scroll of remove curse
 s - a scroll of teleportation
 v - a scroll of fear {unknown}
Potions
 h - a potion of haste
 l - 2 potions of curing {unknown}
 m - 2 potions of mutation {unknown}
 o - a potion of cancellation
 q - a potion of stabbing
 t - a potion of might {unknown}
 u - 2 potions of ambrosia {unknown}
Comestibles
 d - 7 rations
 w - a chunk of flesh


   Skills:
 - Level 1.1 Fighting
 - Level 2.6 Dodging
 * Level 7.6 Unarmed Combat
 + Level 4.4 Spellcasting
 + Level 6.3 Transmutations


You had 4 spell levels left.
You knew the following spells:

 Your Spells              Type           Power        Failure   Level  Hunger
a - Beastly Appendage     Tmut           ###...       6%          1    None
b - Sticks to Snakes      Tmut           ###.....     8%          2    ##.....
c - Spider Form           Tmut/Pois      ##........   32%         3    ###....
d - Blade Hands           Tmut           ###.......   58%         5    ######.

Your spell library contained the following spells:

 Spells                   Type           Power        Failure   Level  Hunger
 Ice Form                 Ice/Tmut       ##......     65%         4    ####...


Dungeon Overview and Level Annotations

Branches:
Dungeon (5/15)
 Temple: D:4-7

Altars:
Gozag

Shops:
D:4 :   D:5 *


Message History

You hit the ogre.
The ogre is moderately wounded.
You barely miss the ogre.
The ogre is moderately wounded.
The ogre completely misses you.
Casting: Spider Form (safe; 14% risk of failure)
Confirm with . or Enter, or press ? or * to list all spells.
You turn into a venomous arachnid creature.
Your +1 hat melds into your body.
Your cursed +1 pair of boots melds into your body.
Your +0 robe melds into your body.
You are feeling hungry.
The ogre hits you with a +0 giant spiked club!
You hit the ogre.
The ogre is moderately wounded.
The ogre completely misses you.
You hit the ogre.
The ogre is poisoned.
The ogre is moderately wounded.
The ogre hits you with a +0 giant spiked club!!
You die...

...###
#.#.####.#######.#
.....##
#.#......##......#
####..####
#.#########.######
#.....# #.### #.#
#.....# #.#.. #.#
####.....# #.#.# #.#
.)...<...#####.#.# #.#
####...........#O# #.#
#...........#s# #.#
#...........#.# #.#
#...........#.#######.#
#...........#.........#
#...........###########
#.........?.#
#...........#
#...........#
#######+###.#


You could see an ogre.

Vanquished Creatures
  Sigmund (D:4)
  A phantom (D:5)
  An ogre (D:5)
  A centaur (D:3)
  2 howler monkeys (D:5)
  A centaur zombie (D:5)
  2 crimson imps (D:5)
  2 orc wizards
  An orc priest (D:5)
  3 worker ants
  5 adders
  3 oozes
  2 worms
  5 dart slugs
  A leopard gecko (D:5)
  15 orcs
  3 giant cockroaches
  3 goblins
  9 hobgoblins
  2 jackals (D:5)
  2 quokkas
  6 bats
  5 frilled lizards
  A jackal skeleton (D:5)
  5 kobolds
  A leopard gecko skeleton (D:4)
  4 rats
87 creatures vanquished.

Notes
Turn   | Place    | Note
-------+----------+-------------------------------------------
     0 | D:1      | kae the Merfolk Transmuter began the quest for the Orb.
     0 | D:1      | Reached XP level 1. HP: 15/15 MP: 3/3
    63 | D:1      | Reached XP level 2. HP: 21/21 MP: 3/5
   331 | D:1      | Learned a level 2 spell: Sticks to Snakes
   671 | D:1      | Reached XP level 3. HP: 24/26 MP: 4/6
   729 | D:1      | Reached skill level 4 in Unarmed Combat
  1593 | D:2      | Reached XP level 4. HP: 32/32 MP: 4/7
  1615 | D:2      | Learned a level 3 spell: Spider Form
  2237 | D:3      | Noticed a centaur
  2247 | D:3      | Killed a centaur
  2247 | D:3      | Reached skill level 5 in Unarmed Combat
  2247 | D:3      | Reached XP level 5. HP: 14/37 MP: 4/9
  2930 | D:4      | Found Biufeiwk's Book Boutique.
  2983 | D:4      | Noticed Sigmund
  2998 | D:4      | Killed Sigmund
  2998 | D:4      | Reached skill level 6 in Unarmed Combat
  2998 | D:4      | Reached XP level 6. HP: 36/43 MP: 6/11
  3256 | D:4      | Reached skill level 5 in Transmutations
  3940 | D:5      | Entered Level 5 of the Dungeon
  3954 | D:5      | Reached XP level 7. HP: 48/48 MP: 8/12
  4166 | D:4      | Learned a level 5 spell: Blade Hands
  4684 | D:5      | Reached skill level 7 in Unarmed Combat
  4832 | D:5      | Found an opulent altar of Gozag.
  4960 | D:5      | Found Egej's General Store.
  5275 | D:5      | Reached XP level 8. HP: 54/54 MP: 12/14
  5360 | D:5      | Slain by an ogre

Levels and vault maps discovered:
D:1:      minmay_arrival_floating_metal, layout_loops_ring, minivault_25
D:2:      layout_basic, serial_co_window_serial, co_window_of_opportunity_a,
          co_window_corner_a, co_window_of_opportunity_a, co_window_cross_1,
          co_window_of_opportunity_a, co_window_paths_b, co_window_paths_c,
          co_window_broadway_c, co_window_broadway_a,
          co_window_of_opportunity_c, co_window_of_opportunity_b,
          co_window_unsneaky_path_a, co_window_unsneaky_path_a, glass_columns_b,
          glass_columns_a, glass_columns_b, first_ration
D:3:      layout_basic
D:4:      layout_basic, serial_shops, nicolae_shop_waterfront, uniq_sigmund
D:5:      layout_basic, lemuel_coloured_pillars_altar, serial_shops,
          nicolae_shop_statue_plus, minmay_starry_boxes

Skill      XL: |  1  2  3  4  5  6  7 |
---------------+----------------------+-----
Transmutations | 3 4 5 6 |  6.3
Unarmed Combat | 4 5 6 7 |  7.6
Spellcasting   | 3 4 |  4.4
Fighting       | |  1.1
Dodging        | |  2.6

Action                   |  1- 3 |  4- 6 |  7- 9 || total
-------------------------+-------+-------+-------++-------
Melee: Unarmed           |    61 |   127 |    76 ||   264
       Headbutt          |     6 |    12 |       ||    18
       Punch             |       |     2 |       ||     2
 Cast: Beastly Appendage |    16 |    15 |       ||    31
       Sticks to Snakes  |     1 |       |     3 ||     4
       Spider Form       |       |     5 |     8 ||    13
  Use: Scroll            |     2 |     9 |       ||    11
 Stab: Sleeping          |     1 |     5 |       ||     6
  Eat: Chunk             |     2 |     8 |     2 ||    12
       Ration            |       |       |     1 ||     1
Armor: Robe              |    19 |    30 |     5 ||    54
       Skin              |       |     3 |     1 ||     4
Dodge: Dodged            |    38 |    97 |    63 ||   198

Table legend:
 A = Non-vault XP
 B = Vault XP
 C = Vault XP percentage of total XP
 D = Non-vault monster count
 E = Vault monster count
 F = Vault count percentage of total count
                 A         B        C        D         E       F
            +---------+---------+-------+---------+---------+-------
      Total |     852 |     402 |  32.1 |      82 |       5 |   5.7
            +---------+---------+-------+---------+---------+-------
        D:1 |      50 |       0 |   0.0 |      20 |       0 |   0.0
        D:2 |      45 |       0 |   0.0 |      11 |       0 |   0.0
        D:3 |     147 |       0 |   0.0 |      18 |       0 |   0.0
        D:4 |     123 |     220 |  64.1 |      16 |       1 |   5.9
        D:5 |     487 |     182 |  27.2 |      17 |       4 |  19.0
            +---------+---------+-------+---------+---------+-------
